 Dungeon Crawl Stone Soup version 0.24-a0-307-gf989941 (webtiles) character file.

Game seed: 13291676043028842522

34 Espgualade the Chiller (level 3, -2/19 HPs)
             Began as a Tengu Ice Elementalist on May 13, 2019.
             Slain by a worm (10 damage)
             ... on level 2 of the Dungeon.
             The game lasted 00:03:26 (1260 turns).

Espgualade the Chiller (Tengu Ice Elementalist)     Turns: 1260, Time: 00:03:26

Health: -2/19      AC:  3    Str:  8    XL:     3   Next: 31%
Magic:  5/7        EV: 12    Int: 16    God:
Gold:   77         SH:  0    Dex: 14    Spells: 0/6 levels left

rFire    + . .     SeeInvis .   d - +1 short sword
rCold    . . .     Gourm    .   (no shield)
rNeg     . . .     Faith    .   a - +0 robe
rPois    .         Spirit   .   e - +1 hat
rElec    .         Reflect  .   (no cloak)
rCorr    .         Harm     .   (no gloves)
MR       .....                  (boots unavailable)
Stlth    +.........             b - amulet of regeneration
HPRegen  0.46/turn              h - ring of attention (curse)
MPRegen  0.10/turn              m - ring of protection from fire

@: no status effects
A: beak, talons 3
a: no special abilities


You were on level 2 of the Dungeon.
You were not hungry.

You visited 1 branch of the dungeon, and saw 2 of its levels.

You collected 77 gold pieces.

Inventory:

Hand Weapons
 d - a +1 short sword (weapon)
Armour
 a - a +0 robe (worn)
 e - a +1 hat (worn)
Jewellery
 b - an amulet of regeneration (around neck)
 h - a cursed ring of attention (left hand)
 j - an uncursed ring of fire
 m - a ring of protection from fire (right hand)
Potions
 f - 2 potions of agility {unknown}
 g - a potion of berserk rage {unknown}
 i - a potion of resistance {unknown}
Comestibles
 c - 3 rations


   Skills:
 - Level 2.1 Dodging
 - Level 2.0 Stealth
 - Level 2.0 Spellcasting
 - Level 1.3 Conjurations
 + Level 3.9 Ice Magic


You couldn't memorise any spells.
You knew the following spells:

 Your Spells              Type           Power        Failure   Level  Hunger
a - Freeze                Ice            ##..         4%          1    #......
b - Throw Frost           Conj/Ice       ##....       11%         2    ###....
c - Ozocubu's Armour      Chrm/Ice       #.......     28%         3    ###....

Your spell library contained the following spells:

 Spells                   Type           Power        Failure   Level  Hunger
 Throw Icicle             Conj/Ice       ##......     56%         4    #####..
 Summon Ice Beast         Ice/Summ       #.......     67%         4    #####..


Dungeon Overview and Level Annotations

Branches:
Dungeon (2/15)

Altars:


Innate Abilities, Weirdness & Mutations

You have a beak for a mouth.
You have claws for feet.


Message History

Casting: Freeze (safe; 4% risk of failure)
Confirm with . or Enter, or press ? or * to list all spells.
Okay, then.
Casting: Freeze (safe; 4% risk of failure)
Confirm with . or Enter, or press ? or * to list all spells.
Aiming: Freeze (safe; 4% risk of failure)
Press: ? - help, Shift-Dir - straight line, f - worm
Aim: a worm (severely wounded)
You freeze the worm.
The worm is almost dead.
Casting: Freeze (safe; 4% risk of failure)
Confirm with . or Enter, or press ? or * to list all spells.
Aiming: Freeze (safe; 4% risk of failure)
Press: ? - help, Shift-Dir - straight line, f/p - worm
Aim: a worm (almost dead)
You freeze the worm.
The worm is almost dead.
The worm bites you!
Ouch! That really hurt!
You die...

###.##.#...<.....# ...#
###.##.......†##.### ....
#........####......# ^..#
#>.............#)).#######...#
#........#####..##.(((....#
###.#..########.........(.####
#.##......#######....#......
#.#######bw.# ####......(.
#........##@# #####...###
#........ #.[............##
.....w ##..).).####.#..##
...... .####.. #...... ......
## #.# #####.. .....b
#...####### #....####
####..... #####.


You could see a worm and a bat.

Vanquished Creatures
  An adder (D:2)
  A leopard gecko (D:1)
  2 bats (D:1)
  3 goblins (D:1)
  4 hobgoblins
  A quokka (D:2)
  3 frilled lizards
  4 kobolds
  6 rats
25 creatures vanquished.

Notes
Turn   | Place    | Note
-------+----------+-------------------------------------------
     0 | D:1      | Espgualade the Tengu Ice Elementalist began the quest for
                  | the Orb.
     0 | D:1      | Reached XP level 1. HP: 10/10 MP: 4/4
   186 | D:1      | Reached skill level 3 in Ice Magic
   187 | D:1      | Reached XP level 2. HP: 14/15 MP: 6/6
   960 | D:1      | Learned a level 2 spell: Throw Frost
  1009 | D:2      | Reached XP level 3. HP: 18/19 MP: 3/7
  1188 | D:2      | Learned a level 3 spell: Ozocubu's Armour
  1260 | D:2      | Slain by a worm

Levels and vault maps discovered:
D:1:      sevenhm_arrival_forest_fort_small_4, layout_basic
D:2:      layout_rooms, overflow_temple_1_default, uniq_terence

Skill      XL: |  1 |
---------------+----+-----
Ice Magic      | 3 |  3.9
Dodging        | |  2.1
Stealth        | |  2.0
Spellcasting   | |  2.0
Conjurations   | |  1.3

Action                   || total
-------------------------++-------
Melee: Short sword       ||    35
       Unarmed           ||     1
       Kick              ||     8
       Peck              ||     2
 Cast: Freeze            ||    15
  Use: Scroll            ||     3
 Stab: Sleeping          ||     2
  Eat: Chunk             ||     1
Armor: Robe              ||     6
Dodge: Dodged            ||    20

Table legend:
 A = Non-vault XP
 B = Vault XP
 C = Vault XP percentage of total XP
 D = Non-vault monster count
 E = Vault monster count
 F = Vault count percentage of total count
                 A         B        C        D         E       F
            +---------+---------+-------+---------+---------+-------
      Total |      49 |       0 |   0.0 |      25 |       0 |   0.0
            +---------+---------+-------+---------+---------+-------
        D:1 |      24 |       0 |   0.0 |      16 |       0 |   0.0
        D:2 |      25 |       0 |   0.0 |       9 |       0 |   0.0
            +---------+---------+-------+---------+---------+-------
